 Dungeon Crawl Stone Soup version 0.31-a0-229-g1fc7ce93e2 (webtiles) character file.

Game seed: 15331208660797314670

1036 qw the Skirmisher (level 8, 0/49 HPs)
             Began as a Gargoyle Hexslinger on July 6, 2023.
             Slain by a human
             ... wielding a +0 club
              (3 damage)
             ... on level 5 of the Dungeon.
             The game lasted 00:01:21 (3711 turns).

qw the Skirmisher (Gargoyle Hexslinger)             Turns: 3711, Time: 00:01:22

Health: 0/49       AC: 12    Str: 12    XL:     8   Next: 24%
Magic:  9/9        EV: 10    Int: 14    God:
Gold:   283        SH:  0    Dex: 14    Spells: 8/9 levels left

rFire   . . .        Y - +3 sling (drain)
rCold   . . .        (no shield)
rNeg    + . .        g - +0 ring mail
rPois   inf          f - +0 helmet
rElec   +            (no cloak)
rCorr   .            (no gloves)
SInv    .            (no boots)
Will    ++...        (no amulet)
Stlth   +            e - ring of willpower
HPRegen 0.28/turn    d - ring of willpower
MPRegen 0.11/turn

%: no passive effects
@: no status effects
A: sickness immunity, AC +5, negative energy resistance 1, electricity
resistance, torment resistance 1, petrification resistance
a: no special abilities


You were on level 5 of the Dungeon.
You visited 1 branch of the dungeon, and saw 6 of its levels.

You collected 283 gold pieces.


Innate Abilities, Weirdness & Mutations

You are immune to sickness and miasma.
Your stone body is resilient. (AC +5)
You are immune to poison.
You resist negative energy. (rN+)
You are resistant to electric shocks. (rElec)
You are resistant to unholy torment.
You are immune to petrification.


   Skills:
 - Level 5.1 Fighting
 + Level 8.0 Ranged Weapons
 - Level 2.1 Armour
 - Level 1.5 Dodging
 - Level 1.0 Spellcasting
 - Level 2.6 Hexes


You had 8 spell levels left.
You knew the following spells:

 Your Spells              Type           Power      Damage    Failure   Level
a - Slow                  Hex            32%        N/A       19%         1

Your spell library contained the following spells:

 Spells                   Type           Power      Damage    Failure   Level
 Inner Flame              Hex/Fire       4%         N/A       69%         3
 Portal Projectile        Hex/Tloc       8%         N/A       69%         3
 Cause Fear               Hex            4%         N/A       88%         4

Inventory:

Hand Weapons
 Y - a +3 sling of draining (weapon)
Armour
 f - a +0 helmet (worn)
 g - a +0 ring mail (worn)
Jewellery
 d - a ring of willpower (right hand)
 e - a ring of willpower (left hand)
 i - a ring of resist corrosion
Scrolls
 k - a scroll of identify
Potions
 a - a potion of mutation {unknown}
 b - a potion of curing
 h - a potion of heal wounds
 l - a potion of brilliance {unknown}

Dungeon Overview and Level Annotations

Branches:
Dungeon (6/15)
 Temple: D:4-7

Altars:

Annotations:
D:3 2 runed translucent doors, qw's ghost, weakling GrFi


Message History

Enter note:
Enter note:
Enter note:
Enter note: You shoot a sling bullet.
The sling bullet hits the human.
You drain the human.
The human is lightly wounded.
The human hits you but does no damage. The human misses you.
The human hits you with a +0 club.
You shoot a sling bullet. The sling bullet hits the human.
You drain the human.
The human is moderately wounded.
The human barely misses you.
The human hits you but does no damage. x2
You shoot a sling bullet.
The sling bullet barely misses the human.
The human hits you with a +0 mace. The human barely misses you.
The human hits you with a +0 club.
You shoot a sling bullet.
The sling bullet closely misses the human.
The human closely misses you. The human barely misses you.
The human hits you with a +0 club.
You shoot a sling bullet.
The sling bullet closely misses the human.
The human barely misses you. x2; The human hits you but does no damage.
You shoot a sling bullet.
The sling bullet closely misses the human.
The human barely misses you. The human hits you with a +0 club. x2
You shoot a sling bullet. The sling bullet hits the human!
The human is heavily wounded.
The human closely misses you.
The human hits you but does no damage. x2
You shoot a sling bullet.
The sling bullet barely misses the human.
The human hits you with a +0 mace. The human closely misses you.
The human barely misses you.
You shoot a sling bullet. The sling bullet hits the human.
You drain the human.
The human is severely wounded.
The human hits you with a +0 mace.
The human hits you but does no damage. x2
You shoot a sling bullet. The sling bullet hits the human.
The human is severely wounded.
The human hits you with a +0 mace! The human hits you but does no damage.
The human hits you with a +0 club.
You die...

#.....).#
##.......#
##.......##
##........#
####.........#
#...##.......#
#....##......##
##.....###..p.p#
##......####..@.#
#...)....####..p##
#.........# ##...#
##........# ##..##
#........## ###.##
#.........# ##.###
#.........##
##..## ##
#..........#
##..#### ###.
#.........##
####......###...


You could see 3 humans.

Vanquished Creatures
  Grinder (D:4)
  A water moccasin (D:5)
  2 black bears (D:5)
  An ogre (D:5)
  A phantom (D:4)
  A scorpion (D:5)
  2 jellies
  3 hounds (D:5)
  Natasha (twice) (D:4)
  An orc wizard (D:5)
  5 gnolls
  An adder (D:2)
  A worm (D:4)
  2 dart slugs (D:2)
  5 orcs
  4 ball pythons
  5 endoplasms
  2 giant cockroaches
  4 goblins
  6 hobgoblins
  4 kobolds
  2 quokkas
  3 bats
  5 frilled lizards
  6 rats
70 creatures vanquished.

Notes
Turn   | Place    | Note
-------+----------+-------------------------------------------
     0 | D:1      | qw the Gargoyle Hexslinger began the quest for the Orb.
     0 | D:1      | Reached XP level 1. HP: 12/12 MP: 2/2
     0 | D:1      | 0 ||| qw: Version: 0.3-a-46-gb1f654a
     0 | D:1      | 0 ||| qw: Game counter: 1098
     0 | D:1      | 0 ||| qw: Melee chars always use a shield: true
     0 | D:1      | 0 ||| qw: God list: Okawaru
     0 | D:1      | 0 ||| qw: Allow faded altars: false
     0 | D:1      | 0 ||| qw: Do Orc after clearing Dungeon:15 true
     0 | D:1      | 0 ||| qw: Do second Lair branch before Depths: true
     0 | D:1      | 0 ||| qw: Lair rune preference: random
     0 | D:1      | 0 ||| qw: Goals: Normal
     0 | D:1      | 0 ||| PLANNING D:1-11
   326 | D:1      | Reached XP level 2. HP: 16/16 MP: 3/3
   437 | D:1      | 437 ||| SWAPPING to +2 sling of draining.
   438 | D:1      | 438 ||| DROPPING +1 sling.
   686 | D:1      | Reached skill level 3 in Ranged Weapons
   734 | D:1      | 734 ||| UPGRADING to +0 leather armour.
   744 | D:1      | 744 ||| DROPPING +0 robe.
   745 | D:1      | 745 ||| UPGRADING to +0 ring mail.
   755 | D:1      | 755 ||| DROPPING +0 leather armour.
   756 | D:1      | 756 ||| READING scroll labelled WEJYBO MIWYU.
   757 | D:1      | 757 ||| READING scroll labelled HAOMA YHULAFF.
   758 | D:1      | 758 ||| DRINKING 2 smoky ruby potions.
   759 | D:1      | 759 ||| DROPPING potion of invisibility.
   760 | D:1      | 760 ||| DROPPING scroll of poison.
   826 | D:2      | Reached XP level 3. HP: 20/20 MP: 4/4
  1314 | D:2      | Reached XP level 4. HP: 26/26 MP: 5/5
  1316 | D:2      | Reached skill level 4 in Ranged Weapons
  1355 | D:2      | Reached skill level 1 in Armour
  1475 | D:2      | 1475 ||| UPGRADING to +0 helmet.
  1480 | D:2      | 1480 ||| UPGRADING to ring of willpower.
  1481 | D:2      | 1481 ||| READING scroll labelled MUABIYRON.
  1482 | D:2      | 1482 ||| READING scroll labelled RERCHA RUUGASA.
  1785 | D:3      | Found a large runed translucent door.
  1785 | D:3      | Found a large runed translucent door.
  1790 | D:3      | Noticed qw's ghost (weakling GrFi)
  1854 | D:3      | You fall into a shaft and drop 3 floors!
  1860 | D:6      | 1860 ||| UPGRADING to ring of resist corrosion.
  1861 | D:6      | 1861 ||| UPGRADING to ring of willpower.
  1863 | D:6      | 1863 ||| READING scroll labelled FAV RUOFIXTA.
  1864 | D:6      | 1864 ||| READING scroll labelled QOFENO PAGHAST.
  1867 | D:6      | 1867 ||| FLEEEEING.
  1868 | D:6      | 1868 ||| FLEEEEING.
  1869 | D:6      | 1869 ||| FLEEEEING.
  1870 | D:6      | 1870 ||| FLEEEEING.
  1871 | D:6      | 1871 ||| FLEEEEING.
  1872 | D:6      | 1872 ||| STAIRDANCE
  1873 | D:5      | Entered Level 5 of the Dungeon
  2115 | D:4      | Noticed Grinder
  2124 | D:4      | HP: 6/26 [Grinder (3)]
  2145 | D:4      | Killed Grinder
  2146 | D:4      | Reached skill level 6 in Ranged Weapons
  2146 | D:4      | Reached XP level 5. HP: 11/30 MP: 6/6
  2146 | D:4      | Reached XP level 6. HP: 13/35 MP: 7/7
  2490 | D:4      | Noticed Natasha
  2498 | D:4      | Killed Natasha
  2499 | D:4      | Reached skill level 3 in Fighting
  2608 | D:4      | Reached XP level 7. HP: 38/42 MP: 8/8
  2869 | D:4      | 2869 ||| DROPPING ring of wizardry.
  2870 | D:4      | 2870 ||| READING 2 scrolls labelled IZXENE GETU.
  2871 | D:4      | 2871 ||| DRINKING 2 sapphire potions.
  2872 | D:4      | 2872 ||| READING 3 scrolls of identify.
  2872 | D:4      | 2872 ||| IDENTIFYING clear potion
  2873 | D:4      | 2873 ||| READING 2 scrolls of identify.
  2873 | D:4      | 2873 ||| IDENTIFYING red potion
  2874 | D:4      | 2874 ||| DROPPING potion of degeneration.
  2875 | D:4      | 2875 ||| DROPPING scroll of immolation.
  2877 | D:4      | Noticed Natasha
  2880 | D:4      | Killed Natasha
  3118 | D:5      | Reached skill level 7 in Ranged Weapons
  3208 | D:5      | Reached skill level 8 in Ranged Weapons
  3208 | D:5      | Reached XP level 8. HP: 37/48 MP: 9/9
  3650 | D:5      | 3650 ||| READING scroll labelled GAUXZY MEONT.
  3655 | D:5      | 3655 ||| READING scroll labelled FOUDAO FIAHYC.
  3700 | D:6      | 3700 ||| STAIRDANCE
  3711 | D:5      | HP: 3/49 [human/+0 mace (10)]
  3711 | D:5      | Slain by a human

Levels and vault maps discovered:
D:1:      arrival_zaba_pyramid, layout_basic
D:2:      layout_loops_ring, minmay_crystal_room
D:3:      layout_rooms, ebering_ghost_disaster_area
D:4:      layout_cave_pods, uniq_natasha, uniq_grinder
D:5:      layout_cave_pods
D:6:      minmay_goblin_kobold_castle, layout_loops_ring,
          minmay_temple_entry_drinking_statues, reono_crystal_passage,
          minmay_ruffians

Skill      XL: |  1  2  3  4  5  6  7  8 |
---------------+-------------------------+-----
Ranged Weapons | 3 6 8 |  8.0
Fighting       | 2 3 4 5 |  5.1
Armour         | 1 2 |  2.1
Dodging        | |  1.5
Spellcasting   | |  1.0
Hexes          | |  2.6

Action                     |  1- 3 |  4- 6 |  7- 9 || total
---------------------------+-------+-------+-------++-------
   Fire: Sling             |    81 |   119 |    85 ||   285
    Use: Scroll            |     2 |     4 |     5 ||    11
         Potion            |     1 |       |     1 ||     2
 Armour: Robe              |     4 |       |       ||     4
         Ring mail         |    13 |    21 |    46 ||    80
  Dodge: Dodged            |    20 |    20 |    40 ||    80

Table legend:
 A = Non-vault XP
 B = Vault XP
 C = Vault XP percentage of total XP
 D = Non-vault monster count
 E = Vault monster count
 F = Vault count percentage of total count
                 A         B        C        D         E       F
            +---------+---------+-------+---------+---------+-------
      Total |    1167 |     314 |  21.2 |      68 |       2 |   2.9
            +---------+---------+-------+---------+---------+-------
        D:1 |      32 |       0 |   0.0 |      12 |       0 |   0.0
        D:2 |     105 |       0 |   0.0 |      24 |       0 |   0.0
        D:3 |       9 |       0 |   0.0 |       5 |       0 |   0.0
        D:4 |     201 |     314 |  61.0 |      13 |       2 |  13.3
        D:5 |     820 |       0 |   0.0 |      14 |       0 |   0.0
            +---------+---------+-------+---------+---------+-------
